%YAML 1.1
%TAG !u! tag:unity3d.com,2011:
--- !u!1 &1796621134234312737
GameObject:
  m_ObjectHideFlags: 0
  m_CorrespondingSourceObject: {fileID: 0}
  m_PrefabInstance: {fileID: 0}
  m_PrefabAsset: {fileID: 0}
  serializedVersion: 6
  m_Component:
  - component: {fileID: 383701770114013220}
  - component: {fileID: 8421634479969451682}
  - component: {fileID: 790509545278097917}
  - component: {fileID: 3797248692613154315}
  m_Layer: 0
  m_Name: HexagonSmallLowVertexCount
  m_TagString: Untagged
  m_Icon: {fileID: 0}
  m_NavMeshLayer: 0
  m_StaticEditorFlags: 0
  m_IsActive: 1
--- !u!4 &383701770114013220
Transform:
  m_ObjectHideFlags: 0
  m_CorrespondingSourceObject: {fileID: 0}
  m_PrefabInstance: {fileID: 0}
  m_PrefabAsset: {fileID: 0}
  m_GameObject: {fileID: 1796621134234312737}
  m_LocalRotation: {x: 0, y: 0, z: 0, w: 1}
  m_LocalPosition: {x: 0, y: 0, z: 0}
  m_LocalScale: {x: 1, y: 1, z: 1}
  m_Children:
  - {fileID: 8664744169361086915}
  m_Father: {fileID: 0}
  m_RootOrder: 0
  m_LocalEulerAnglesHint: {x: 0, y: 0, z: 0}
--- !u!33 &8421634479969451682
MeshFilter:
  m_ObjectHideFlags: 0
  m_CorrespondingSourceObject: {fileID: 0}
  m_PrefabInstance: {fileID: 0}
  m_PrefabAsset: {fileID: 0}
  m_GameObject: {fileID: 1796621134234312737}
  m_Mesh: {fileID: 4300000, guid: 1e3a4769a93a464479fc9e7c1956ae0b, type: 2}
--- !u!23 &790509545278097917
MeshRenderer:
  m_ObjectHideFlags: 0
  m_CorrespondingSourceObject: {fileID: 0}
  m_PrefabInstance: {fileID: 0}
  m_PrefabAsset: {fileID: 0}
  m_GameObject: {fileID: 1796621134234312737}
  m_Enabled: 1
  m_CastShadows: 1
  m_ReceiveShadows: 1
  m_DynamicOccludee: 1
  m_MotionVectors: 1
  m_LightProbeUsage: 1
  m_ReflectionProbeUsage: 1
  m_RenderingLayerMask: 1
  m_RendererPriority: 0
  m_Materials:
  - {fileID: 2100000, guid: 64572e4e9b892fc47ac44fc43f8325cf, type: 2}
  m_StaticBatchInfo:
    firstSubMesh: 0
    subMeshCount: 0
  m_StaticBatchRoot: {fileID: 0}
  m_ProbeAnchor: {fileID: 0}
  m_LightProbeVolumeOverride: {fileID: 0}
  m_ScaleInLightmap: 1
  m_PreserveUVs: 0
  m_IgnoreNormalsForChartDetection: 0
  m_ImportantGI: 0
  m_StitchLightmapSeams: 1
  m_SelectedEditorRenderState: 3
  m_MinimumChartSize: 4
  m_AutoUVMaxDistance: 0.5
  m_AutoUVMaxAngle: 89
  m_LightmapParameters: {fileID: 0}
  m_SortingLayerID: 0
  m_SortingLayer: 0
  m_SortingOrder: 0
--- !u!114 &3797248692613154315
MonoBehaviour:
  m_ObjectHideFlags: 0
  m_CorrespondingSourceObject: {fileID: 0}
  m_PrefabInstance: {fileID: 0}
  m_PrefabAsset: {fileID: 0}
  m_GameObject: {fileID: 1796621134234312737}
  m_Enabled: 1
  m_EditorHideFlags: 0
  m_Script: {fileID: 11500000, guid: df93a40f9bfc3734c9d500ab309017ea, type: 3}
  m_Name: 
  m_EditorClassIdentifier: 
  Altitude: 
  _elevationFoundationType: 0
  _landscapeFoundationType: 0
  _climateFoundationType: 0
  _modifiableType: 0
--- !u!1001 &3188487085580130390
PrefabInstance:
  m_ObjectHideFlags: 0
  serializedVersion: 2
  m_Modification:
    m_TransformParent: {fileID: 383701770114013220}
    m_Modifications:
    - target: {fileID: 6052999486165942683, guid: bcfa575a5eb53444abba91d04e583357,
        type: 3}
      propertyPath: m_Name
      value: Plane
      objectReference: {fileID: 0}
    - target: {fileID: 6052999486165942677, guid: bcfa575a5eb53444abba91d04e583357,
        type: 3}
      propertyPath: m_LocalPosition.x
      value: 0
      objectReference: {fileID: 0}
    - target: {fileID: 6052999486165942677, guid: bcfa575a5eb53444abba91d04e583357,
        type: 3}
      propertyPath: m_LocalPosition.y
      value: 0
      objectReference: {fileID: 0}
    - target: {fileID: 6052999486165942677, guid: bcfa575a5eb53444abba91d04e583357,
        type: 3}
      propertyPath: m_LocalPosition.z
      value: 0
      objectReference: {fileID: 0}
    - target: {fileID: 6052999486165942677, guid: bcfa575a5eb53444abba91d04e583357,
        type: 3}
      propertyPath: m_LocalRotation.x
      value: 0
      objectReference: {fileID: 0}
    - target: {fileID: 6052999486165942677, guid: bcfa575a5eb53444abba91d04e583357,
        type: 3}
      propertyPath: m_LocalRotation.y
      value: 0
      objectReference: {fileID: 0}
    - target: {fileID: 6052999486165942677, guid: bcfa575a5eb53444abba91d04e583357,
        type: 3}
      propertyPath: m_LocalRotation.z
      value: 0
      objectReference: {fileID: 0}
    - target: {fileID: 6052999486165942677, guid: bcfa575a5eb53444abba91d04e583357,
        type: 3}
      propertyPath: m_LocalRotation.w
      value: 1
      objectReference: {fileID: 0}
    - target: {fileID: 6052999486165942677, guid: bcfa575a5eb53444abba91d04e583357,
        type: 3}
      propertyPath: m_RootOrder
      value: 0
      objectReference: {fileID: 0}
    - target: {fileID: 6052999486165942677, guid: bcfa575a5eb53444abba91d04e583357,
        type: 3}
      propertyPath: m_LocalEulerAnglesHint.x
      value: 0
      objectReference: {fileID: 0}
    - target: {fileID: 6052999486165942677, guid: bcfa575a5eb53444abba91d04e583357,
        type: 3}
      propertyPath: m_LocalEulerAnglesHint.y
      value: 0
      objectReference: {fileID: 0}
    - target: {fileID: 6052999486165942677, guid: bcfa575a5eb53444abba91d04e583357,
        type: 3}
      propertyPath: m_LocalEulerAnglesHint.z
      value: 0
      objectReference: {fileID: 0}
    - target: {fileID: 6052999486165942676, guid: bcfa575a5eb53444abba91d04e583357,
        type: 3}
      propertyPath: customMesh
      value: 
      objectReference: {fileID: 4300000, guid: 1e3a4769a93a464479fc9e7c1956ae0b, type: 2}
    - target: {fileID: 6052999486165942676, guid: bcfa575a5eb53444abba91d04e583357,
        type: 3}
      propertyPath: sun
      value: 
      objectReference: {fileID: 0}
    m_RemovedComponents: []
  m_SourcePrefab: {fileID: 100100000, guid: bcfa575a5eb53444abba91d04e583357, type: 3}
--- !u!4 &8664744169361086915 stripped
Transform:
  m_CorrespondingSourceObject: {fileID: 6052999486165942677, guid: bcfa575a5eb53444abba91d04e583357,
    type: 3}
  m_PrefabInstance: {fileID: 3188487085580130390}
  m_PrefabAsset: {fileID: 0}
